AoeStats
← ING.PATRICK

Socotra

504056259Analyzed
2v2 RM · 1mo ago on Sep 3, 2026· 50m 27s· 4 players
Game mode
Random Map
Map size
Tiny (2 player)
Population
200
Speed
Normal
Resources
Standard
Victory
Conquest
Starting age
Dark Age
Ending age
Imperial Age
RankedLock teamsTeams togetherTeam positionsShared explorationLock speedFull tech treeHidden civsTurbo modeCheats
Victory
Defeat
🇵🇪 Mongols · Peru
1471
+7
🇦🇷 Cumans · Argentina
1103
+21
🇩🇪 Bulgarians · Germany
1244
-14
🇩🇪 Maya · Germany
1244
-14
poteytor123
7:16 Loom
9:40 Feudal Age
16:18 Double-Bit Axe
17:23 Horse Collar
21:25 Gold Mining
26:01 Castle Age
24:20 Bloodlines
24:43 Stone Mining
25:34 Forging
28:48 Scale Barding Armor
33:54 Gold Shaft Mining
33:47 Chain Barding Armor
38:33 Imperial Age
37:49 Iron Casting
39:16 Light Cavalry
39:17 Cavalier
41:45 Plate Barding Armor
42:11 Blast Furnace
42:28 Paladin
45:57 Scale Mail Armor
47:06 Pikeman
47:47 Squires
49:53 Conscription
49:59 Halberdier
ING.PATRICK
6:27 Loom
8:49 Feudal Age
12:04 Fletching
22:22 Castle Age
20:49 Padded Archer Armor
21:18 Double-Bit Axe
22:24 Crossbowman
23:00 Bodkin Arrow
24:41 Bow Saw
28:03 Husbandry
27:54 Horse Collar
30:19 Scale Barding Armor
33:27 Bloodlines
36:57 Ballistics
42:59 Imperial Age
41:05 Wheelbarrow
40:52 Thumb Ring
42:59 Heavy Plow
44:42 Chemistry
43:43 Bracer
44:13 Heavy Cavalry Archer
47:29 Leather Archer Armor
48:10 Light Cavalry
50:08 Chain Barding Armor
__ynot__
6:32 Loom
9:14 Feudal Age
11:08 Double-Bit Axe
20:14 Padded Archer Armor
23:14 Castle Age
21:58 Gold Mining
22:45 Scale Barding Armor
22:33 Fletching
23:13 Bloodlines
23:21 Elite Skirmisher
24:40 Leather Archer Armor
29:02 Horse Collar
30:02 Wheelbarrow
29:46 Forging
30:37 Chain Barding Armor
30:54 Iron Casting
30:28 Husbandry
30:46 Town Watch
36:26 Ballistics
42:17 Imperial Age
40:48 Iron Casting
42:25 Cavalier
44:11 Plate Barding Armor
49:18 Stirrups
49:44 Conscription
Schöner Pikser
0:28 Loom
8:40 Feudal Age
9:13 Double-Bit Axe
11:00 Fletching
14:58 Padded Archer Armor
23:21 Castle Age
24:00 Bodkin Arrow
23:47 Crossbowman
33:07 Ballistics
35:10 Thumb Ring
36:58 Leather Archer Armor
37:58 Bow Saw
38:09 Gold Mining
43:49 Imperial Age
42:23 Pikeman
43:08 Scale Mail Armor
44:12 Arbalester
45:09 Bracer
45:13 Halberdier
51:23 Two-Man Saw
Connection lost

Rejoining the realm…

Still unreachable

The connection could not be restored.

Session expired

The server has moved on; the page needs a fresh start.